 Dungeon Crawl Stone Soup version 0.27.1 (webtiles) character file.

Game seed: 17935130644607478383

37 Gwenloh the Sneak (level 3, 0/18 HPs)
             Began as a Vine Stalker Brigand on Sept 2, 2021.
             Succumbed to an adder's poison
             ... on level 2 of the Dungeon.
             The game lasted 00:05:45 (1030 turns).

Gwenloh the Sneak (Vine Stalker Brigand)            Turns: 1030, Time: 00:05:46

Health: 0/18       AC:  4    Str: 13    XL:     3   Next: 39%
Magic:  3/4        EV: 11    Int: 11    God:
Gold:   27         SH:  0    Dex: 16    Spells: 2/2 levels left

rFire    . . .     SeeInvis +   a - +2 dagger
rCold    . . .     Faith    .   (no shield)
rNeg     . . .     Spirit   +   f - +0 leather armour
rPois    .         Reflect  .   (no helmet)
rElec    .         Harm     .   c - +0 cloak
rCorr    .         Rampage  .   (no gloves)
Will     +....                  (no boots)
Stlth    +++.......             (no amulet)
HPRegen  0.06/turn              l - ring of willpower
MPRegen  0.09/turn              (no ring)

@: lethally poisoned (0 -> -5)
A: fangs 2, magic shield, antimagic bite, no potion heal 2, see invisible
a: no special abilities


You were on level 2 of the Dungeon.
You visited 1 branch of the dungeon, and saw 2 of its levels.

You collected 27 gold pieces.

Inventory:

Hand Weapons
 a - a +2 dagger (weapon)
Missiles
 d - 8 poisoned darts (quivered)
 e - 2 curare-tipped darts
 g - 16 bolts
Armour
 b - a +0 robe
 c - a +0 cloak (worn)
 f - a +0 leather armour (worn)
Jewellery
 l - a ring of willpower (left hand)
Scrolls
 h - 2 scrolls of identify {unknown}
 j - a scroll of fear {unknown}
 k - a scroll of amnesia {unknown}


   Skills:
 - Level 1.7 Fighting
 - Level 1.7 Short Blades
 - Level 1.7 Throwing
 - Level 0.7 Dodging
 + Level 6.4 Stealth


You had 2 spell levels left.
You didn't know any spells.
Your spell library was empty.

Dungeon Overview and Level Annotations

Branches:
Dungeon (2/15)

Altars:

Shops:
D:1 [=

Annotations:
D:2 Jessica, Robin


Innate Abilities, Weirdness & Mutations

You have extremely sharp teeth.
When hurt, damage is shared between your health and your magic reserves.
Your bite disrupts and absorbs the magic of your enemies.
Potions cannot restore your health.
You have supernaturally acute eyesight. (SInv)


Message History

An adder comes into view.
Found a stone staircase leading down.
The helpless goblin fails to defend itself.
You impale the goblin!!
You kill the goblin!
You hit the adder. You bite the adder, but do no damage.
The adder is moderately wounded.
The adder bites you.
You miss the adder. Your bite misses the adder.
The adder is moderately wounded.
The adder bites you.
You hit the adder. Your bite misses the adder.
The adder is moderately wounded.
The adder bites you but does no damage.
You hit the adder.
The adder is almost dead.
The adder bites you.
You are poisoned.
The adder poisons you!
You feel sick. The adder bites you.
You feel sick.
You feel sick.
You closely miss the adder. You bite the adder, but do no damage.
The adder is almost dead.
You feel sick. The adder bites you.
* * * LOW HITPOINT WARNING * * *
You feel sick.
You are no longer poisoned.
The adder bites you.
* * * LOW HITPOINT WARNING * * *
You are lethally poisoned!
The adder poisons you!
You hit the adder but do no damage. You bite the adder. You drain its power.
You feel invigorated.
The adder is almost dead.
* * * LOW HITPOINT WARNING * * *
You feel sick. The adder completely misses you.
It was a potion of mutation.
You feel extremely strange.
Your vision sharpens.
You die...

....... .. ....... ##.#
....... #).#
.........##.# #.#
###...###..
#######.#####...........
..............#.#####...
...........###S# #
#..........#@.#
#..........#.##
#............#
#....<....#...#
#.........###.#
########### ... ###.# #


You could see an adder.

Vanquished Creatures
  2 dart slugs (D:1)
  3 ball pythons (D:1)
  3 giant cockroaches (D:1)
  2 goblins
  3 hobgoblins (D:1)
  2 quokkas (D:1)
  3 bats (D:1)
  5 frilled lizards (D:1)
  5 kobolds (D:1)
  3 rats (D:1)
31 creatures vanquished.

Vanquished Creatures (others)
  A plant (D:1)
1 creature vanquished.

Grand Total: 32 creatures vanquished

Notes
Turn   | Place    | Note
-------+----------+-------------------------------------------
     0 | D:1      | Gwenloh the Vine Stalker Brigand began the quest for the
                  | Orb.
     0 | D:1      | Reached XP level 1. HP: 11/11 MP: 2/2
    64 | D:1      | Reached skill level 5 in Stealth
   130 | D:1      | Reached XP level 2. HP: 8/15 MP: 3/3
   292 | D:1      | Found Utisoy's Jewellery Shop.
   450 | D:1      | Reached skill level 6 in Stealth
   590 | D:1      | Found Bilic's Antique Armour Emporium.
   634 | D:1      | Reached XP level 3. HP: 18/18 MP: 4/4
   639 | D:1      | Found a faded altar of an unknown god.
   949 | D:2      | Noticed Jessica
   949 | D:2      | Noticed Robin
  1030 | D:2      | Gained mutation: You have supernaturally acute eyesight.
                  | (SInv) [potion of mutation]
  1030 | D:2      | Succumbed to an adder's poison

Illustrated notes

Levels and vault maps discovered:
D:1:      ncdulo_lavacross, layout_rooms, serial_shops, nicolae_shop_crystal,
          shop_statue, shapermc_ecumenical_altar_gd
D:2:      layout_rooms, uniq_jessica, uniq_robin, uniq_sigmund

Skill      XL: |  1  2 |
---------------+-------+-----
Stealth        | 5 6 |  6.4
Fighting       | |  1.7
Short Blades   | |  1.7
Throwing       | |  1.7
Dodging        | |  0.7

Action                   || total
-------------------------++-------
Melee: Dagger            ||    91
       Bite              ||    27
Throw: Dart              ||     3
  Use: Potion            ||     1
 Stab: Sleeping          ||     7
Armor: Robe              ||     1
       Leather armour    ||    23
Dodge: Dodged            ||    46
